 Dungeon Crawl Stone Soup version 0.31.0-9-g3a7656b989 (webtiles) character file.

Game seed: 5705262014170830436

92256 wooly the Severer (level 15, -1/139 HPs)
             Began as a Minotaur Fighter on Feb 1, 2024.
             Was the Champion of the Shining One.
             Killed from afar by Aizul (17 damage)
             ... with a bolt of poison
             ... on level 2 of the Snake Pit on Feb 5, 2024.
             The game lasted 01:00:42 (23993 turns).

wooly the Severer (Minotaur Fighter)               Turns: 23993, Time: 01:00:43

Health: -1/139     AC: 29    Str: 38    XL:     15   Next: 57%
Magic:  19/21      EV:  2    Int:  3    God:    the Shining One [******]
Gold:   1616       SH:  0    Dex: 19    Spells: 14/14 levels left

rFire   . . .        b - +6 broad axe of In Flagrante Delicto {freeze, +Blink rC+ Str+4 Int-2}
rCold   + . .        Z - +1 kite shield {AC+3}
rNeg    + + +        p - +1 plate armour
rPois   .            o - +0 hat
rElec   .            f - +1 cloak of Cowardice {Dex+9}
rCorr   .            e - +0 pair of gloves
SInv    .            g - +0 pair of boots
Will    ++...        v - amulet of Morality {Reflect SH+5 Stlth+} Stlth
                     A - +4 ring of protection
HPRegen 0.43/turn    P - +6 ring of strength
MPRegen 0.17/turn

%: reflection
@: lethally poisoned (-1 -> -27), divinely shielded, about to teleport,
sleeping, enlightened, flying, glowing
A: horns 2, retaliatory headbutt
a: Renounce Religion, Evoke Blink, Divine Shield, Cleansing Flame, Summon Divine
Warrior, Brand Weapon With Holy Wrath


You were on level 2 of the Snake Pit.
You worshipped the Shining One.
The Shining One was exalted by your worship.
You visited 5 branches of the dungeon, and saw 22 of its levels.

You collected 2103 gold pieces.
You spent 487 gold pieces at shops.

Inventory:

Hand Weapons
 a - a +4 flail
 b - the +6 broad axe of In Flagrante Delicto (weapon) {freeze, +Blink rC+ Str+4 Int-2}
   (You acquired it on level 14 of the Dungeon)

   Str+4:     It affects your strength (+4).
   Int-2:     It affects your intelligence (-2).
   rC+:       It protects you from cold.
   +Blink:    It lets you blink.
 Q - a +3 battleaxe of flaming
Armour
 e - a +0 pair of gloves (worn)
 f - the +1 cloak of Cowardice (worn) {Dex+9}
   (You acquired it on level 7 of the Dungeon)

   Dex+9:     It affects your dexterity (+9).
 g - a +0 pair of boots (worn)
 o - a +0 hat (worn)
 p - a +1 plate armour (worn)
 E - a +0 chain mail of cold resistance
 Z - a +1 kite shield of protection (worn)
Jewellery
 i - a ring of wizardry
 l - a +6 ring of intelligence
 q - a +6 ring of intelligence
 u - a +5 ring of evasion
 v - the amulet of Morality (around neck) {Reflect SH+5 Stlth+}
   (You found it on level 5 of the Dungeon)

   [amulet of reflection]

   Reflect:   It reflects blocked missile attacks.
   SH+5:      It affects your SH (+5).
   Stlth+:    It makes you more stealthy.
 x - a ring of willpower
 y - an amulet of regeneration
 A - a +4 ring of protection (left hand)
 B - the amulet "Witag" {Acrobat Int+2}
   (You took it off an orc on level 7 of the Dungeon)

   [amulet of the acrobat]

   Acrobat:   It increases your evasion while moving and waiting.
   Int+2:     It affects your intelligence (+2).
 D - a ring of see invisible
 G - a +4 ring of slaying
 N - a ring of wizardry
 P - a +6 ring of strength (right hand)
 Y - a +6 ring of strength
Wands
 r - a wand of iceblast (18)
 t - a wand of light (30)
 F - a wand of digging (12)
 J - a wand of paralysis (21)
 M - a wand of flame (29)
Scrolls
 j - 2 scrolls of summoning
 w - 4 scrolls of identify
 C - 4 scrolls of fear
 H - 6 scrolls of revelation
 R - 2 scrolls of silence
 S - 4 scrolls of fog
 U - 3 scrolls of teleportation
 V - 3 scrolls of poison
Potions
 d - 6 potions of might
 h - 2 potions of attraction
 k - a potion of invisibility
 m - 4 potions of brilliance
 n - 5 potions of enlightenment
 z - 4 potions of haste
 I - 3 potions of mutation
 K - 3 potions of lignification
 L - 3 potions of ambrosia
 W - 2 potions of cancellation
 X - a potion of magic
Miscellaneous
 s - a box of beasts
 O - a condenser vane
 T - a phial of floods


   Skills:
 + Level 14.5 Fighting
 + Level 18.4(18.6) Axes
 * Level 4.2(12.7) Maces & Flails
 + Level 11.9 Armour
 + Level 8.4 Dodging
 - Level 0.4 Stealth
 + Level 13.3 Shields
 * Level 10.6 Invocations
 * Level 6.2 Evocations


You had 14 spell levels left.
You didn't know any spells.
Your spell library contained the following spells:

 Spells                   Type           Power      Damage    Failure   Level
 Apportation              Tloc           0%         N/A       98%         1
 Kiss of Death            Conj/Necr      0%         2d5       98%         1
 Necrotise                Necr           0%         1d4       98%         1
 Sting                    Conj/Alch      0%         1d3       98%         1
 Summon Small Mammal      Summ           0%         N/A       98%         1
 Jinxbite                 Hex            0%         N/A       99%         2
 Static Discharge         Conj/Air       0%         3-3/arc   99%         2
 Confusing Touch          Hex            0%         N/A       100%        3
 Dazzling Flash           Conj/Hex       0%         N/A       100%        3
 Hailstorm                Conj/Ice       0%         3d5       100%        3
 Inner Flame              Hex/Fire       0%         N/A       100%        3
 Mephitic Cloud           Conj/Alch/Air  0%         N/A       100%        3
 Summon Ice Beast         Ice/Summ       0%         N/A       100%        3
 Tukima's Dance           Hex            0%         N/A       100%        3
 Volatile Blastmotes      Fire/Tloc      0%         2d10      100%        3
 Airstrike                Air            0%         2d(0-16)  100%        4
 Anguish                  Hex/Necr       0%         N/A       100%        4
 Cause Fear               Hex            0%         N/A       100%        4
 Dimensional Bullseye     Hex/Tloc       0%         N/A       100%        4
 Dispel Undead            Necr           0%         3d6       100%        4
 Fulminant Prism          Conj/Alch      0%         3d5       100%        4
 Iskenderun's Mystic Bla  Conj/Tloc      0%         2d3       100%        4
 Passage of Golubria      Tloc           0%         N/A       100%        4
 Summon Lightning Spire   Summ/Air       0%         N/A       100%        4
 Vhi's Electric Charge    Tloc/Air       0%         N/A       100%        4
 Alistair's Intoxication  Alch           0%         N/A       100%        5
 Arcjolt                  Conj/Air       0%         1d10      100%        5
 Curse of Agony           Necr           0%         N/A       100%        5
 Irradiate                Conj/Alch      0%         3d11      100%        5
 Silence                  Hex/Air        0%         N/A       100%        5
 Summon Forest            Summ/Tloc      0%         N/A       100%        5
 Yara's Violent Unravell  Hex/Alch       0%         3d3       100%        5
 Eringya's Noxious Bog    Alch           0%         4d6       100%        6
 Plasma Beam              Fire/Air       0%         2x1d10    100%        6
 Sculpt Simulacrum        Ice/Alch       0%         N/A       100%        6
 Enfeeble                 Hex            0%         N/A       100%        7
 Summon Hydra             Summ           0%         N/A       100%        7
 Ignition                 Fire           0%         3d3       100%        8


Dungeon Overview and Level Annotations

Branches:
Dungeon (15/15)            Temple (1/1) D:4            Lair (2/5) D:11
  Snake (2/4) Lair:2          Orc (2/2) D:9             Elf (0/3) Orc:2
 Vaults (0/5) D:13         Depths (0/4) D:15
  Swamp: Lair:2-3    Shoals: Lair:2-3

Altars:
Ashenzari
Cheibriados
Dithmenos
Elyvilon
Fedhas
Gozag
Hepliaklqana
Kikubaaqudgha
Makhleb
Nemelex Xobeh
Okawaru
Qazlal
Ru
Sif Muna
Trog
Uskayaw
Vehumet
Wu Jian
Xom
Yredelemnul
Zin
The Shining One

Shops:
D:6 *   D:15 (   Orc:2 !?(((*

Portals:
Trove: D:12 (give 5 scrolls of fear)

Annotations:
D:7 4 runed translucent doors
D:10 1 runed translucent door, Quickbrownfox's ghost, journeyman DsCj
Snake:2 Aizul


Innate Abilities, Weirdness & Mutations

You have a pair of horns on your head.
You reflexively headbutt those who attack you in melee.


Message History

You feel better. Aizul hits you.
* * * LOW HITPOINT WARNING * * *
You block the naga warrior's attack. Aizul hits you but does no damage.
Okay, then.
Your shield is strengthened by the Shining One's divine power.
You block Aizul's attack. You block the naga warrior's attack.
Aizul hisses menacingly.
You block Aizul's attack. The naga warrior misses you.
You blink.
Aizul coils herself and waves her upper body at you.
You fall asleep.
Aizul casts a spell at you. The bolt of poison hits you!
You are poisoned.
You wake up.
* * * LOW HITPOINT WARNING * * *
You block Aizul's attack.
* * * LOW HITPOINT WARNING * * *
You feel extremely sick. You block Aizul's attack. x2
The naga warrior roars a battlecry!
The salamander goes into a battle-frenzy!
You feel better.
You feel ready to blink again. You block Aizul's attack.
You block the naga warrior's attack.
Aizul coils herself and waves her upper body at you.
The bolt of poison misses you.
The sentinel's mark upon you fades away.
Aizul casts a spell at you. The bolt of poison misses you.
Okay, then.
As you read the scroll of teleportation, it crumbles to dust.
You feel strangely unstable.
You feel yourself speed up.
Aizul coils herself and waves her upper body at you.
You fall asleep.
Aizul coils herself and waves her upper body at you.
The bolt of poison hits you!
You are lethally poisoned!
You die...

.......#................##
.SS..SN#... <...........#
.....S.#.# #..........#
.....SNNN# #..........#
......##S# #..........#
..... #S# #....<.....#
.?.. #.# #..........# .<.
#N######.........## N.
#.S@..##........## .
#####.###......##
##......####.# ##.......#
#.# ##........# #.#
#.>.......# #.#
#.........# #.#
#.........# #.#
#.........# #.#


You could see Aizul and a naga warrior.

Vanquished Creatures
  Jorgrun (D:15)
  2 storm dragons (D:13)
  A hydra (Lair:1)
  A vault guard (D:13)
  2 catoblepae
  Erica (Lair:2)
  A sphinx zombie (D:15)
  An anaconda (Snake:2)
  2 ogre magi
  6 two-headed ogres
  A dancing weapon (D:13)
  5 centaur warriors
  4 boulder beetles
  3 tengu warriors (D:13)
  2 naga warriors
  A sphinx skeleton (D:15)
  2 naga sharpshooters (Snake:1)
  7 orc high priests
  2 shock serpents (Snake:1)
  A vampire mage (D:15)
  2 skeletal warriors
  A storm dragon skeleton (D:15)
  2 naga ritualists (Snake:1)
  An arcanist (D:14)
  6 mana vipers (Snake:1)
  5 sea snakes (Snake:1)
  4 deep elf pyromancers
  10 orc knights
  A necromancer (D:15)
  Maurice (Orc:2)
  11 ugly things
  3 orc sorcerers
  6 salamanders
  7 cyclopes
  5 manticores
  A meliai (D:13)
  2 kobold blastminers (Orc:2)
  Joseph (Lair:1)
  A gargoyle (D:11)
  A cane toad (shapeshifter) (D:14)
  A guardian serpent (Snake:2)
  5 naga magi (Snake:1)
  3 unseen horrors
  18 black mambas
  6 komodo dragons
  4 cane toads
  A freezing wraith (D:15)
  2 kobold demonologists
  2 yaktaurs
  6 trolls
  A polar bear (shapeshifter) (D:15)
  A merfolk (D:10)
  A polar bear (Lair:2)
  A raiju (shapeshifter) (D:13)
  A culicivora (shapeshifter) (D:13)
  12 slime creatures
  A vampire (D:11)
  A wraith (D:13)
  3 wyverns
  8 yaks (D:10)
  5 shadows
  4 water elementals (D:10)
  Eustachio (D:5)
  A basilisk (shapeshifter) (D:13)
  4 basilisks
  4 wargs
  5 vampire mosquitoes
  11 nagas
  2 swamp worms (D:8)
  4 acid dragons
  3 water moccasins
  Duvessa (D:7)
  2 ice beasts
  A laughing skull (D:12)
  36 orc warriors
  6 ogres
  14 wolves
  14 centaurs
  5 kobold brigands
  3 bullfrogs
  3 scorpions (D:4)
  Dowan (D:7)
  8 wights
  6 killer bees (D:8)
  3 electric eels
  3 howler monkeys
  2 bombardier beetles
  3 hounds
  3 jellies
  24 orc priests
  A sleepcap (D:5)
  2 gnoll boudas (D:8)
  6 hell rats (Lair:2)
  6 iguanas
  14 orc wizards
  4 adders
  16 gnolls
  3 white imps (D:7)
  4 dart slugs
  A ribbon worm (D:2)
  90 orcs
  3 bats
  5 endoplasms
  5 giant cockroaches
  6 goblins
  6 hobgoblins
  3 jackals (D:2)
  22 kobolds
  3 quokkas
  8 ball pythons
  A frilled lizard (D:2)
  3 rats
589 creatures vanquished.

Notes
Turn   | Place    | Note
-------+----------+-------------------------------------------
     0 | D:1      | wooly the Minotaur Fighter began the quest for the Orb.
     0 | D:1      | Reached XP level 1. HP: 19/19 MP: 0/0
   369 | D:1      | Reached XP level 2. HP: 27/27 MP: 1/1
  1336 | D:2      | Found a faded altar of an unknown god.
  1475 | D:2      | Reached XP level 3. HP: 28/33 MP: 2/2
  1634 | D:2      | Reached skill level 3 in Axes
  2209 | D:3      | Reached XP level 4. HP: 40/41 MP: 3/3
  2584 | D:3      | Found an ancient bone altar of Kikubaaqudgha.
  2693 | D:4      | Noticed a scorpion
  2700 | D:4      | Killed a scorpion
  2701 | D:4      | Reached skill level 5 in Fighting
  2701 | D:4      | Reached skill level 4 in Axes
  2701 | D:4      | Reached XP level 5. HP: 48/48 MP: 4/4
  2995 | D:4      | Found a stormy altar of Qazlal.
  3000 | D:4      | Reached skill level 5 in Axes
  3000 | D:4      | Reached skill level 5 in Armour
  3000 | D:4      | Reached XP level 6. HP: 36/56 MP: 5/5
  3089 | D:4      | Found a staircase to the Ecumenical Temple.
  3224 | Temple   | Entered the Ecumenical Temple
  3236 | Temple   | Became a worshipper of the Shining One
  3288 | D:4      | You fall into a shaft and drop 3 floors!
  3384 | D:7      | Found a shimmering blue altar of Sif Muna.
  3444 | D:7      | Noticed Duvessa
  3444 | D:7      | Noticed Dowan
  3458 | D:7      | Killed Duvessa
  3631 | D:6      | Noticed an ice beast
  3645 | D:6      | Killed an ice beast
  3646 | D:6      | Reached skill level 6 in Axes
  3646 | D:6      | Reached skill level 1 in Dodging
  3646 | D:6      | Reached XP level 7. HP: 34/62 MP: 6/6
  3648 | D:5      | Entered Level 5 of the Dungeon
  3652 | D:5      | Found an opulent altar of Gozag.
  4520 | D:5      | Noticed Eustachio
  4534 | D:5      | Killed Eustachio
  4649 | D:5      | Identified the amulet of Morality {Reflect SH+5 Stlth+}
  4670 | D:5      | Found a snail-covered altar of Cheibriados.
  4925 | D:5      | Found a hide-covered altar of Uskayaw.
  4950 | D:5      | Reached skill level 7 in Axes
  4950 | D:5      | Reached XP level 8. HP: 71/71 MP: 7/7
  5069 | D:5      | Found a basalt altar of Yredelemnul.
  5466 | D:6      | Found Zaij's Mail-Order Catalogue.
  5719 | D:7      | Killed Dowan
  5890 | D:7      | Found a large runed translucent door.
  5892 | D:7      | Noticed a cyclops
  5894 | D:7      | Found a large runed translucent door.
  5920 | D:7      | Found a large runed translucent door.
  5920 | D:7      | Found a large runed translucent door.
  5924 | D:7      | Reached skill level 8 in Axes
  5924 | D:7      | Reached skill level 5 in Shields
  5924 | D:7      | Reached skill level 1 in Invocations
  6208 | D:7      | Identified 2 scrolls of acquirement
  6208 | D:7      | Acquired a +2 antimagic broad axe
  6545 | D:7      | Found a shimmering altar of Xom.
  6606 | D:7      | Identified the amulet "Witag" {Acrobat Int+2}
  6631 | D:7      | Acquired the +1 cloak of Cowardice {Dex+9}
  6681 | D:8      | Reached XP level 9. HP: 72/80 MP: 3/9
  6682 | D:8      | Reached skill level 9 in Axes
  6718 | D:8      | Reached * piety under the Shining One
  7230 | D:8      | Reached skill level 10 in Axes
  7642 | D:9      | Reached ** piety under the Shining One
  7726 | D:9      | Noticed a two-headed ogre
  7740 | D:9      | Killed a two-headed ogre
  7741 | D:9      | Reached XP level 10. HP: 81/90 MP: 3/11
  7915 | D:9      | Found a sacrificial altar of Ru.
  8157 | D:9      | Found a staircase to the Orcish Mines.
  8362 | D:9      | Found a bloodstained altar of Trog.
  8425 | D:9      | Reached skill level 11 in Axes
  8470 | D:10     | Entered Level 10 of the Dungeon
  8480 | D:10     | Noticed a two-headed ogre
  8508 | D:9      | Killed a two-headed ogre
  8570 | D:10     | Found a runed translucent door.
  8571 | D:10     | Found a shimmering altar of Xom.
  8571 | D:10     | Noticed Quickbrownfox's ghost (journeyman DsCj)
  8571 | D:10     | Noticed a +2 flail of chaos
  9322 | D:10     | Reached skill level 12 in Axes
  9511 | D:10     | Reached skill level 5 in Invocations
 10002 | D:10     | Reached skill level 10 in Fighting
 10002 | D:10     | Reached skill level 5 in Dodging
 10002 | D:10     | Reached XP level 11. HP: 74/99 MP: 4/13
 10281 | D:11     | Noticed a two-headed ogre
 10291 | D:11     | Killed a two-headed ogre
 10312 | D:11     | Reached *** piety under the Shining One
 10945 | D:11     | Found a staircase to the Lair.
 11252 | D:12     | Reached skill level 13 in Axes
 11653 | D:12     | Found a portal to a secret trove of treasure.
 11834 | D:13     | Noticed a boulder beetle
 11904 | D:13     | Killed a boulder beetle
 11940 | D:13     | Noticed a two-headed ogre
 11942 | D:13     | Noticed a +5 long sword
 11946 | D:13     | Killed a two-headed ogre
 11947 | D:13     | Killed a +5 long sword
 12003 | D:13     | Found a gate to the Vaults.
 12015 | D:13     | Noticed a catoblepas
 12017 | D:13     | Noticed a centaur warrior
 12029 | D:13     | Noticed a vault guard
 12457 | D:13     | Noticed a tengu warrior
 12457 | D:13     | Noticed a tengu warrior
 12463 | D:13     | Killed a tengu warrior
 12464 | D:13     | Reached XP level 12. HP: 75/110 MP: 5/15
 12467 | D:13     | Killed a tengu warrior
 12578 | D:13     | Noticed a centaur warrior
 12585 | D:13     | Killed a centaur warrior
 12655 | D:13     | Killed a centaur warrior
 12656 | D:13     | Reached skill level 14 in Axes
 12656 | D:13     | Reached skill level 10 in Shields
 12723 | D:13     | Noticed a storm dragon
 12723 | D:13     | Noticed a storm dragon
 12723 | D:13     | Reached **** piety under the Shining One
 12724 | D:13     | Noticed a boulder beetle
 12733 | D:13     | Noticed a tengu warrior
 13278 | D:13     | Killed a boulder beetle
 13556 | D:13     | Noticed an ogre mage
 13564 | D:13     | Killed an ogre mage
 13572 | D:13     | Killed a storm dragon
 13868 | D:13     | Killed a storm dragon
 13869 | D:13     | Reached skill level 15 in Axes
 13869 | D:13     | Reached skill level 10 in Armour
 14278 | D:13     | Killed a catoblepas
 14390 | D:12     | Reached XP level 13. HP: 74/116 MP: 5/17
 15337 | D:14     | Acquired the +6 broad axe of In Flagrante Delicto {freeze,
                  | +Blink rC+ Str+4 Int-2}
 15467 | D:14     | Reached skill level 1 in Evocations
 15983 | D:14     | Reached skill level 16 in Axes
 16105 | D:15     | Entered Level 15 of the Dungeon
 16105 | D:15     | Found a staircase to the Depths.
 16537 | D:15     | Found Zuqy's Weapon Shop.
 16565 | D:15     | Noticed Jorgrun
 16574 | D:15     | Killed Jorgrun
 16583 | D:15     | Paralysed by an ogre mage for 4 turns
 16938 | D:15     | Reached XP level 14. HP: 127/127 MP: 19/19
 16940 | D:15     | Reached ***** piety under the Shining One
 17796 | Orc:1    | Entered Level 1 of the Orcish Mines
 17923 | Orc:1    | Paralysed by an orc sorcerer for 2 turns
 18078 | Orc:1    | Reached skill level 17 in Axes
 18680 | Orc:2    | Entered Level 2 of the Orcish Mines
 18743 | Orc:2    | Noticed Maurice
 18748 | Orc:2    | Killed Maurice
 19246 | Orc:2    | Found a staircase to the Elven Halls.
 19381 | Orc:2    | Reached ****** piety under the Shining One
 19712 | Orc:2    | Found Ytwyqule's Assorted Antiques.
 19764 | Orc:2    | Found Edautre's Weapon Emporium.
 19965 | Orc:2    | Found Qouf's Antique Weapon Boutique.
 19965 | Orc:2    | Found Vimyif's Antique Weapon Boutique.
 19966 | Orc:2    | Found Nopil's Magic Scroll Shop.
 19966 | Orc:2    | Found Bobun's Distillery.
 19976 | Orc:2    | Bought 2 potions of enlightenment for 150 gold pieces
 19976 | Orc:2    | Bought 2 potions of enlightenment for 150 gold pieces
 19976 | Orc:2    | Bought a potion of enlightenment for 75 gold pieces
 20131 | Lair:1   | Entered Level 1 of the Lair of Beasts
 20229 | Lair:1   | Reached skill level 5 in Evocations
 20504 | Lair:1   | Noticed Joseph
 20511 | Lair:1   | Killed Joseph
 20814 | Lair:1   | Reached skill level 10 in Invocations
 21010 | Lair:2   | Found a gate leading to a gauntlet.
 21014 | Lair:2   | Reached skill level 18 in Axes
 21309 | Lair:2   | Noticed Erica
 21323 | Lair:2   | Killed Erica
 21342 | Lair:2   | Reached XP level 15. HP: 78/138 MP: 21/21
 21342 | Lair:2   | Found a staircase to the Snake Pit.
 21918 | Orc:2    | Bought a scroll of enchant weapon for 112 gold pieces
 22117 | Snake:1  | Entered Level 1 of the Snake Pit
 22126 | Snake:1  | Reached skill level 1 in Maces & Flails
 23975 | Snake:2  | Identified the serpent talisman "Rucwimiv" {*Corrode Str+2
                  | Int+9 Dex-2}
 23975 | Snake:2  | Noticed Aizul
 23993 | Snake:2  | Killed from afar by Aizul

Illustrated notes

Levels and vault maps discovered:
D:1:      dpeg_arrival_orchard, layout_basic, serial_corexii_hall,
          corexii_hall_statues_i, corexii_hall_statues_l, corexii_hall_statues_i
D:2:      layout_basic, nicolae_ecumenical_oubliette
D:3:      layout_loops_ring, lemuel_coloured_pillars_altar, st_stairs_1
D:4:      layout_basic, nicolae_qazlal_scattered_showers,
          minmay_temple_entry_large_hall, grunt_decor_one_mirror
D:5:      layout_cave_pools, kennysheep_little_box,
          mainiacjoe_overflow_tiny_flanked, mainiacjoe_overflow_large_starburst,
          uniq_eustachio
D:6:      layout_cave_pools, monkooky_shop_mail_order
D:7:      layout_basic, led_sif_pool, kennysheep_mini,
          minmay_hollow_rounded_squares, uniq_duvessa
D:8:      layout_loops_cross, worms_lemuel
D:9:      layout_loops_ring, hangedman_ru_absence,
          nicolae_overflow_hidden_temple
D:10:     layout_gridville, ebering_ghost_xom, nicolae_rank_and_phial
D:11:     nicolae_hitomezashi [nicolae_hito_row, nicolae_hito_row,
          nicolae_hito_row, nicolae_hito_row, nicolae_hito_row,
          nicolae_hito_row, nicolae_hito_row, nicolae_hito_row,
          nicolae_hito_row, nicolae_hito_row, nicolae_hito_row,
          nicolae_hito_row, nicolae_hito_row, nicolae_hito_row,
          nicolae_hito_row, nicolae_hito_row, nicolae_hito_row,
          nicolae_hito_row], layout_basic, lair_entry_dummy
D:12:     layout_basic, nicolae_trove_entry_diagonal
D:13:     minmay_expanding_squares, layout_irregular_city, erik_vaults_1,
          minmay_fractal_squares_5
D:14:     layout_roguey, nicolae_the_louvre, kennysheep_dice
D:15:     gammafunk_depths_entry_grave, layout_loops_ring,
          chequers_decorated_corner, serial_shops, shop, minmay_misc_feat_five,
          chequers_serial_rivers_small_a, minivault_12, uniq_jorgrun
Temple:   hellmonk_temple_forest_ring
Lair:1:   layout_loops_ring, grunt_megastairs_2, uniq_joseph
Lair:2:   layout_cave_shapes, alex1729_snake_entry_snake,
          gauntlet_entry_generic, infiniplex_staircase_pool_2, uniq_erica
Snake:1:  layout_basic
Snake:2:  layout_gridlike, uniq_aizul
Orc:1:    layout_caves, bh_open_orc_temple
Orc:2:    st_orc_pillars, layout_caves, serial_shops, shop, nicolae_square_shop,
          uniq_maurice

Skill      XL: |  1  2  3  4  5  6  7  8  9 10 11 12 13 14 15 |
---------------+----------------------------------------------+-----
Fighting       | 4 5 6 7 8 10 11 12 14 | 14.5
Armour         | 4 5 6 7 8 9 10 11 | 11.9
Shields        | 4 5 7 8 9 10 11 12 13 | 13.3
Axes           | 3 4 5 6 7 8 10 12 13 15 16 18 | 18.4
Dodging        | 1 3 5 6 8 |  8.4
Invocations    | 2 3 5 6 7 9 10 | 10.6
Evocations     | 3 5 6 |  6.2
Maces & Flails | 4 |  4.2
Stealth        | |  0.4

Action                     |  1- 3 |  4- 6 |  7- 9 | 10-12 | 13-15 || total
---------------------------+-------+-------+-------+-------+-------++-------
  Melee: War axe           |    77 |    92 |    87 |       |       ||   256
         Headbutt          |    15 |    10 |    52 |   115 |   180 ||   372
         Broad axe         |       |       |   123 |   369 |   635 ||  1127
         Flail             |       |       |       |       |     3 ||     3
 Invoke: Divine Shield     |       |       |       |       |     1 ||     1
Ability: Evoke Blink       |       |       |       |       |     1 ||     1
    Use: Scroll            |     7 |     2 |    16 |     6 |    11 ||    42
         Potion            |       |     1 |     4 |     2 |     5 ||    12
 Armour: Scale mail        |    52 |    43 |       |       |       ||    95
         Plate armour      |       |    27 |   182 |   302 |   248 ||   759
  Dodge: Dodged            |    33 |    29 |    62 |   188 |   148 ||   460
  Block: Buckler           |    14 |    20 |    98 |   257 |     9 ||   398
         Reflection        |       |       |     4 |    40 |    49 ||    93
         Kite shield       |       |       |       |       |   496 ||   496
